 Dungeon Crawl Stone Soup version 0.28.0-43-g3370ac3207 (console) character file.

Game seed: 3728133838444523044

91 Zeor the Cudgeller (level 4, -3/28 HPs)
             Began as a Gargoyle Berserker on Mar 30, 2022.
             Was a Believer of Trog.
             Blown up by Ijyb (10 damage)
             ... with a mindburst bolt
             ... on level 3 of the Dungeon.
             The game lasted 00:04:48 (2509 turns).

Zeor the Cudgeller (Gargoyle Berserker)             Turns: 2509, Time: 00:04:48

Health: -3/28      AC: 10    Str: 22    XL:     4   Next: 57%
Magic:  4/4        EV: 10    Int:  8    God:    Trog [**....]
Gold:   54         SH:  0    Dex:  9    Spells: 3/3 levels left

rFire   . . .      SeeInvis .   a - +2 whip (venom)
rCold   . . .      Faith    .   (no shield)
rNeg    + . .      Spirit   .   l - +0 scale mail
rPois   ∞          Reflect  .   (no helmet)
rElec   +          Harm     .   (no cloak)
rCorr   .          Rampage  .   (no gloves)
Will    .....                   (no boots)
Stlth   ..........              (no amulet)
HPRegen 0.09/turn               (no ring)
MPRegen 0.09/turn               (no ring)

@: no status effects
A: sickness immunity, AC +3, negative energy resistance 1, electricity
resistance, torment resistance 1, petrification resistance
a: Renounce Religion, Berserk, Trog's Hand


You were on level 3 of the Dungeon.
You worshipped Trog.
Trog was pleased with you.
You visited 1 branch of the dungeon, and saw 3 of its levels.

You collected 94 gold pieces.
You spent 40 gold pieces at shops.

Inventory:

Hand Weapons
 a - a +2 whip of venom (weapon)
 c - a +0 mace
Missiles
 j - 3 silver javelins
 k - 4 boomerangs (quivered)
Armour
 l - a +0 scale mail (worn)
Scrolls
 d - a scroll of silence
Potions
 e - a potion of resistance
 f - 2 potions of cancellation {unknown}
 g - a potion of curing
 h - a potion of might {unknown}
 i - a potion of brilliance {unknown}


   Skills:
 + Level 3.6 Fighting
 * Level 4.4 Maces & Flails
 * Level 2.9 Armour
 + Level 2.0 Dodging


You had 3 spell levels left.
You didn't know any spells.
Your spell library was empty.

Dungeon Overview and Level Annotations

Branches:
Dungeon (3/15)

Altars:

Shops:
D:2 *!:(

Annotations:
D:3 Ijyb


Innate Abilities, Weirdness & Mutations

You are immune to sickness and miasma.
Your stone body is resilient. (AC +3)
You are immune to poison.
You resist negative energy. (rN+)
You are resistant to electric shocks. (rElec)
You are resistant to unholy torment.
You are immune to petrification.


Message History

You start resting.
HP restored.
You see here a worm corpse.
Found a crooked smoking staff.
Your movement speed is average.
Your attack delay is about 0.8.
A bat comes into view.
The bat hits you but does no damage.
You whack the bat!
You kill the bat!
Trog accepts your kill.
Your Dodging skill increases to level 2!
Found 16 stones.
You see here 16 stones.
Found an escape hatch in the ceiling.
There is an escape hatch in the ceiling here.
You now have 54 gold pieces (gained 9).
f - 2 metallic red potions (gained 1) As you open the door, it creaks loudly!
Ijyb the Twisted Goblin comes into view.
She is wielding a +0 club and carrying a wand of mindburst (21).
Ijyb shouts!
Ijyb drinks a potion.
Ijyb suddenly seems more resistant.
You close the door.
You start waiting.
Ijyb the Twisted Goblin opens the door.
She is wielding a +0 club and carrying a wand of mindburst (21).
Ijyb zaps a wand.
You barely resist.
There is a broken door here.
You hit Ijyb but do no damage. Ijyb hits you but does no damage.
You hit Ijyb.
Ijyb is lightly wounded.
Ijyb zaps a wand.
Your mind is blasted!
You hit Ijyb.
Ijyb is poisoned.
Ijyb is lightly wounded.
Ijyb zaps a wand.
Your mind is blasted!
* * * LOW HITPOINT WARNING * * *
Okay, then.
You fail to use your ability.
Ijyb hits you but does no damage.
You hit Ijyb.
Ijyb is heavily wounded.
Ijyb zaps a wand.
Your mind is blasted!
You die...

▒▒▒▒ ∙∙∙▒ ∙∙∙▒
▒▒▒ ∙∙∙▒ ▒∙▒
∙∙∙▒
▒▒▒∙▒▒▒▒∙∙∙▒
▒∙∙∙∙∙∙9g∙∙■
▒∙∙∙▒▒▒▒∙∙∙▒
▒∙∙∙▒∙∙∙∙∙∙∙∙∙∙
▒∙∙∙▒▒∙▒▒▒▒▒▒∙∙
▒∙∙∙▒▒∙▒ ∙
▒∙∙∙▒▒∙▒
▒∙∙∙▒▒∙▒
▒▒▒∙▒▒∙▒
▒∙▒▒∙▒▒▒▒▒▒▒


You could see Ijyb (resistant, very poisoned).

Vanquished Creatures
  A hound (D:2)
  An adder (D:2)
  2 dart slugs (D:2)
  2 worms
  3 ball pythons
  4 bats
  2 endoplasms
  3 giant cockroaches
  2 hobgoblins (D:2)
  6 kobolds
  2 quokkas
  3 frilled lizards (D:2)
  7 goblins
  3 rats
41 creatures vanquished.

Vanquished Creatures (others)
  A fungus (D:3)
1 creature vanquished.

Grand Total: 42 creatures vanquished

Notes
Turn   | Place    | Note
-------+----------+-------------------------------------------
     0 | D:1      | Zeor the Gargoyle Berserker began the quest for the Orb.
     0 | D:1      | Reached XP level 1. HP: 14/14 MP: 1/1
   568 | D:1      | Reached XP level 2. HP: 19/19 MP: 2/2
   838 | D:1      | Found a faded altar of an unknown god.
  1151 | D:2      | Found Vygoenub's Weapon Emporium.
  1191 | D:2      | Found Suntid's Distillery.
  1204 | D:2      | Bought a potion of curing for 30 gold pieces
  1327 | D:2      | Reached XP level 3. HP: 15/23 MP: 3/3
  1467 | D:2      | Reached skill level 4 in Maces & Flails
  1467 | D:2      | Reached XP level 4. HP: 12/28 MP: 4/4
  1516 | D:2      | Reached ** piety under Trog
  1905 | D:2      | Found Seafiuh's Assorted Antiques.
  1964 | D:2      | Bought a potion of degeneration for 10 gold pieces
  2099 | D:2      | Found Yrphuu's Book Shop.
  2497 | D:3      | Noticed Ijyb
  2509 | D:3      | Blown up by Ijyb

Illustrated notes

Levels and vault maps discovered:
D:1:      nzn_arrival_depleted_hourglass, layout_basic,
          dreamdust_ecumenical_altar_hidden_monk_grotto
D:2:      layout_rooms, serial_shops, nicolae_shop_crystal,
          nicolae_shop_bloodbath_and_beyond, shop, nicolae_shop_window_shopping,
          minmay_increasing_density
D:3:      layout_basic, eino_tiny_chamber, uniq_robin, uniq_crazy_yiuf_cottage,
          uniq_ijyb

Skill      XL: |  1  2  3  4 |
---------------+-------------+-----
Maces & Flails | 4 |  4.4
Dodging        | 2 |  2.0
Fighting       | |  3.6
Armour         | |  2.9

Action                   |  1- 3 |  4- 6 || total
-------------------------+-------+-------++-------
Melee: Mace              |    28 |       ||    28
       Whip              |    50 |    36 ||    86
       Punch             |       |     1 ||     1
  Use: Scroll            |     5 |       ||     5
Armor: Animal skin       |    19 |     5 ||    24
       Scale mail        |       |     4 ||     4
Dodge: Dodged            |    47 |    10 ||    57
